 Dungeon Crawl Stone Soup version 0.27.0-1-g7a089689b8 (webtiles) character file.

Game seed: 8810279829382746307

49 freelancePsychic the Skirmisher (level 3, 0/31 HPs)
             Began as a Hill Orc Enchanter on Aug 5, 2021.
             Was a Follower of the Shining One.
             Slain by Natasha (2 damage)
             ... on level 2 of the Dungeon.
             The game lasted 00:02:41 (1986 turns).

freelancePsychic the Skirmisher (HOEn)              Turns: 1986, Time: 00:02:42

Health: 0/31       AC:  5    Str: 11    XL:     3   Next: 75%
Magic:  5/5        EV: 11    Int: 15    God:    the Shining One [*.....]
Gold:   70         SH:  0    Dex: 11    Spells: 4/5 levels left

rFire    . . .     SeeInvis .   a - +1 dagger
rCold    . . .     Faith    .   (no shield)
rNeg     . . .     Spirit   .   f - +0 leather armour
rPois    .         Reflect  .   (no helmet)
rElec    .         Harm     .   (no cloak)
rCorr    .         Rampage  .   c - +1 pair of gloves
Will     .....                  (no boots)
Stlth    +.........             (no amulet)
HPRegen  0.10/turn              (no ring)
MPRegen  0.09/turn              (no ring)

@: attractive, glowing
A: no striking features
a: Renounce Religion


You were on level 2 of the Dungeon.
You worshipped the Shining One.
The Shining One was aware of your devotion.
You visited 1 branch of the dungeon, and saw 2 of its levels.

You collected 70 gold pieces.

Inventory:

Hand Weapons
 a - a +1 dagger (weapon)
Armour
 b - a +0 robe
 c - a +1 pair of gloves (worn)
 f - a +0 leather armour (worn)


   Skills:
 + Level 3.3 Fighting
 - Level 1.0 Short Blades
 + Level 1.5 Axes
 - Level 1.5 Dodging
 - Level 2.4 Stealth
 - Level 1.5 Spellcasting
 - Level 3.0 Hexes
 - Level 0.1 Invocations


You had 4 spell levels left.
You knew the following spells:

 Your Spells              Type           Power      Damage    Failure   Level
a - Corona                Hex            11%        N/A       9%          1

Your spell library contained the following spells:

 Spells                   Type           Power      Damage    Failure   Level
 Ensorcelled Hibernation  Hex/Ice        10%        N/A       26%         2
 Confusing Touch          Hex            10%        N/A       26%         3
 Tukima's Dance           Hex            10%        N/A       26%         3
 Dazzling Flash           Conj/Hex       10%        N/A       45%         3


Dungeon Overview and Level Annotations

Branches:
Dungeon (2/15)

Altars:
The Shining One

Annotations:
D:2 Natasha


Message History

It is a scroll of identify.
e - a scroll of fear The crimson imp puffs mist at you.
Natasha claws you.
* * * LOW HITPOINT WARNING * * *
As you read the scroll of fear, it crumbles to dust.
You assume a fearsome visage.
Natasha looks frightened!
The crimson imp is unaffected.
Natasha is pulled toward you! The crimson imp is pulled toward you!
Natasha is pulled toward you!
You hit the crimson imp but do no damage.
The crimson imp misses you. Natasha is pulled toward you!
You hit the crimson imp.
The crimson imp is lightly wounded.
The crimson imp hits you but does no damage.
Natasha is pulled toward you!
You hit the crimson imp but do no damage.
The crimson imp hits you.
* * * LOW HITPOINT WARNING * * *
Natasha is pulled toward you!
You hit the crimson imp.
The crimson imp is lightly wounded.
The crimson imp blinks!
Natasha is pulled toward you! The crimson imp is pulled toward you!
You aren't carrying any potions.
As you read the scroll labelled DOTTIN LELULLOI, it crumbles to dust.
It is a scroll of enchant armour.
Your +0 pair of gloves glows green for a moment.
Natasha is pulled toward you! The crimson imp is pulled toward you!
The crimson imp blinks!
Natasha is pulled toward you!
You start resting.
Natasha is nearby!
You closely miss Natasha.
Natasha is moderately wounded.
Natasha claws you.
* * * LOW HITPOINT WARNING * * *
You hit Natasha.
Natasha is heavily wounded.
Natasha claws you.
You die...

...o#.#
#.....#
#......# #.
....#.#
#.....#
######## #.
...<#..
#.....# #.
...##...
#.....# ##
...###....
#.##### ...#
......#)####
####
$.....)ยง...#
........##h#
........##@#
##+###..##.#
#.....#
#...### '...
#.. ##. #


You could see Natasha.

Vanquished Creatures
  An adder (D:2)
  2 dart slugs
  2 orcs (D:2)
  3 ball pythons
  A goblin (D:1)
  A hobgoblin (D:1)
  4 jackals (D:2)
  8 kobolds
  2 quokkas (D:1)
  2 bats
  A frilled lizard (D:1)
  6 rats
33 creatures vanquished.

Notes
Turn   | Place    | Note
-------+----------+-------------------------------------------
     0 | D:1      | freelancePsychic the Hill Orc Enchanter began the quest for
                  | the Orb.
     0 | D:1      | Reached XP level 1. HP: 14/14 MP: 3/3
   342 | D:1      | Reached skill level 1 in Fighting
   505 | D:1      | Reached XP level 2. HP: 17/23 MP: 4/4
   979 | D:1      | Found a faded altar of an unknown god.
   992 | D:1      | Became a worshipper of the Shining One
   992 | D:1      | Reached * piety under the Shining One
  1422 | D:2      | Reached XP level 3. HP: 27/30 MP: 5/5
  1614 | D:2      | Reached skill level 1 in Axes
  1735 | D:2      | Noticed Natasha
  1986 | D:2      | Slain by Natasha

Illustrated notes

Levels and vault maps discovered:
D:1:      minmay_arrival_widening_spiral_narrow, layout_rooms,
          ebering_ecumenical_altar_hall, minmay_misc_feat_chi, nrook_uturn
D:2:      layout_basic, uniq_natasha

Skill      XL: |  1  2  3 |
---------------+----------+-----
Fighting       | 1 2 3 |  3.3
Axes           | 1 |  1.5
Short Blades   | |  1.0
Dodging        | |  1.5
Stealth        | |  2.4
Spellcasting   | |  1.5
Hexes          | |  3.0
Invocations    | |  0.1

Action                   || total
-------------------------++-------
Melee: Dagger            ||   151
 Cast: Corona            ||    12
  Use: Scroll            ||     3
       Potion            ||     1
 Stab: Sleeping          ||     2
Armor: Robe              ||    22
       Leather armour    ||    24
Dodge: Dodged            ||    91
